 Dungeon Crawl Stone Soup version 0.29.0-13-gc9e81de378 (webtiles) character file.

Game seed: 645630121168178331

10516 groovy9 the Basher (level 11, -7/156 HPs)
             Began as a Troll Berserker on Sept 8, 2022.
             Was an Elder of Trog.
             Mangled by a wolf spider (8 damage)
             ... on level 2 of the Lair of Beasts.
             The game lasted 00:34:08 (7652 turns).

groovy9 the Basher (Troll Berserker)                Turns: 7652, Time: 00:34:08

Health: -7/156     AC:  8    Str: 31    XL:     11   Next: 37%
Magic:  10/10      EV: 10    Int:  7    God:    Trog [****..]
Gold:   738        SH:  0    Dex:  9    Spells: 10/10 levels left

rFire   + . .      SeeInvis .   a - +10 flail of the Fray {holy, *Noise rF+ Will+ Int+4}
rCold   . . .      Faith    .   (no shield)
rNeg    . . .      Spirit   .   n - +0 acid dragon scales
rPois   +          Reflect  .   (helmet restricted)
rElec   .          Harm     +   u - scarf {harm}
rCorr   +          Rampage  .   (gloves unavailable)
Will    +++..                   (boots unavailable)
Stlth   ..........              (no amulet)
HPRegen 2.16/turn               e - ring of poison resistance
MPRegen 0.12/turn               (no ring)

@: berserking, lethally poisoned (-7 -> -15), strong-willed, regenerating, very
quick
A: large, unfitting armour, claws 3, regeneration 1, shaggy fur 1, tough skin 1
a: Renounce Religion, Berserk, Trog's Hand, Brothers in Arms


You were on level 2 of the Lair of Beasts.
You worshipped Trog.
Trog was greatly pleased with you.
You visited 2 branches of the dungeon, and saw 11 of its levels.

You collected 1714 gold pieces.
You spent 976 gold pieces at shops.

Inventory:

Hand Weapons
 a - the +10 flail of the Fray (weapon) {holy, *Noise rF+ Will+ Int+4}
   (You bought it in a shop on level 6 of the Dungeon)

   It has been blessed by the Shining One to cause great damage to the undead
   and demons.
   Int:       It affects your intelligence (+4).
   rF:        It protects you from fire.
   *Noise:    It may make noises in combat.
   Will:      It increases your willpower.
Missiles
 d - 9 boomerangs
 m - 7 large rocks (quivered)
 r - 6 throwing nets
 w - 4 javelins
Armour
 j - a +2 robe of fire resistance
 n - +0 acid dragon scales (worn)
 s - a +1 cloak of stealth
 u - a scarf of harm (worn)
Jewellery
 e - a ring of poison resistance (left claw)
 o - the amulet of Kirom {Spirit +Blink rN++ Str-5 Int-3}
   (You found it on level 4 of the Dungeon)

   [amulet of guardian spirit]

   It causes incoming damage to be divided between your reserves of health and
   magic.
   Str:       It affects your strength (-5).
   Int:       It affects your intelligence (-3).
   rN:        It greatly protects you from negative energy.
   +Blink:    It lets you blink.
Wands
 q - a wand of polymorph (12)
 t - a wand of digging (6)
 x - a wand of mindburst (8)
 A - a wand of iceblast (6)
 C - a wand of light (1)
Scrolls
 b - a scroll of brand weapon
 c - 2 scrolls of blinking
 h - 3 scrolls of identify
 k - a scroll of butterflies
 l - a scroll of enchant armour
 v - 2 scrolls of magic mapping
 y - a scroll of vulnerability
Potions
 f - 3 potions of might
 g - a potion of heal wounds
 i - 2 potions of lignification
 p - 3 potions of flight
 z - 3 potions of curing
 B - a potion of cancellation


   Skills:
 - Level 5.6 Fighting
 * Level 12.4 Maces & Flails
 - Level 5.1 Throwing
 - Level 5.6 Dodging
 - Level 6.3 Unarmed Combat


You had 10 spell levels left.
You didn't know any spells.
Your spell library was empty.

Dungeon Overview and Level Annotations

Branches:
Dungeon (9/15)             Temple (0/1) D:7            Lair (2/5) D:9
  Swamp: Lair:2-3    Shoals: Lair:2-3     Snake: Lair:2-3    Spider: Lair:2-3
    Orc: D:9-12

Altars:
Cheibriados
Dithmenos
Fedhas
Gozag
Hepliaklqana
Nemelex Xobeh
Okawaru
Qazlal
Ru
Sif Muna
Trog
Uskayaw
Xom
Yredelemnul

Shops:
D:4 **   D:6 *(   D:7 *


Innate Abilities, Weirdness & Mutations

You are too large for most types of armour.
You have claws for hands.
Your natural rate of healing is unusually fast.
You are covered in fur. (AC +1)
You have tough skin. (AC +1)


Message History

You are too berserk!
You sock the wolf spider!
The wolf spider is moderately wounded.
The wolf spider hits you.
* * * LOW HITPOINT WARNING * * *
The wolf spider bites you.
* * * LOW HITPOINT WARNING * * *
A wolf spider comes into view.
The wolf spider's many legs skitter.
You sock the wolf spider!
The wolf spider is heavily wounded.
The wolf spider barely misses you. The wolf spider bites you!
* * * LOW HITPOINT WARNING * * *
You are poisoned.
The wolf spider poisons you!
You barely miss the wolf spider.
The wolf spider is heavily wounded.
You feel very sick. The wolf spider hits you.
* * * LOW HITPOINT WARNING * * *
The wolf spider bites you.
* * * LOW HITPOINT WARNING * * *
The adder bites you but does no damage. The adder closely misses you.
You closely miss the wolf spider.
The wolf spider is heavily wounded.
* * * LOW HITPOINT WARNING * * *
You feel very sick.
You bludgeon the adder!!
You kill the adder!
Trog accepts your kill.
* * * LOW HITPOINT WARNING * * *
You feel very sick. The adder bites you but does no damage.
You sock the wolf spider!
The wolf spider is moderately wounded.
* * * LOW HITPOINT WARNING * * *
You feel sick. The wolf spider hits you.
* * * LOW HITPOINT WARNING * * *
The wolf spider bites you!
You die...

.........P...s
.............
.......SP...
.......PP.P ..........
.......P. ........#
........####### .....
........†s@S..#
P..P##........†Ss...##
..............†.S....#
....................##
....................#
....................##
....................P#
.........#####PP.....#
###.......##.####P...#


You could see 2 wolf spiders and 3 adders.

Vanquished Creatures
  Harold (Lair:1)
  Amaemon (Lair:2)
  Pikel (D:3)
  An orange demon (Lair:2)
  2 cane toads (Lair:2)
  A komodo dragon (Lair:2)
  A kobold demonologist (D:8)
  A troll (D:9)
  2 hornets
  Grinder (D:4)
  A wyvern (D:8)
  A wraith (D:9)
  A shadow (D:9)
  9 yaks
  A basilisk (Lair:1)
  3 steam dragons
  Menkaure (D:4)
  3 acid dragons
  Duvessa (D:6)
  A water moccasin (Lair:1)
  2 orc warriors
  An ice beast (D:7)
  A hornet zombie (D:6)
  2 sky beasts
  2 black bears
  An ogre (D:5)
  4 centaurs
  A phantom (D:5)
  3 kobold brigands
  A lemure (D:3)
  A necrophage (D:7)
  6 bullfrogs
  2 wyvern zombies (D:6)
  A gnoll sergeant (D:9)
  A scorpion (D:6)
  3 wights (D:7)
  Dowan (D:6)
  3 killer bees (D:8)
  An electric eel (D:9)
  5 howler monkeys
  6 orc priests
  A gnoll bouda (D:6)
  A jelly (D:6)
  A hound (D:5)
  6 iguanas
  7 orc wizards
  2 killer bee zombies (D:6)
  A howler monkey zombie (D:6)
  16 adders
  16 gnolls
  3 shadow imps
  5 white imps
  3 ufetubi
  A worm (D:2)
  4 dart slugs
  23 orcs
  9 ball pythons
  3 bats
  3 endoplasms
  3 giant cockroaches
  8 goblins
  7 hobgoblins
  15 kobolds
  5 quokkas
  A frilled lizard (D:1)
  9 rats
235 creatures vanquished.

Vanquished Creatures (others)
  21 fungi (Lair:2)
  42 plants
63 creatures vanquished.

Grand Total: 298 creatures vanquished

Notes
Turn   | Place    | Note
-------+----------+-------------------------------------------
     0 | D:1      | groovy9 the Troll Berserker began the quest for the Orb.
     0 | D:1      | Reached XP level 1. HP: 22/22 MP: 0/0
   124 | D:1      | Reached XP level 2. HP: 29/29 MP: 1/1
   478 | D:1      | Found a faded altar of an unknown god.
   544 | D:1      | Reached ** piety under Trog
   545 | D:1      | Reached XP level 3. HP: 36/36 MP: 2/2
  1331 | D:3      | Reached XP level 4. HP: 36/44 MP: 3/3
  1391 | D:3      | Reached skill level 1 in Throwing
  1565 | D:3      | Found a sparkling altar of Nemelex Xobeh.
  1719 | D:4      | Noticed a lemure
  1719 | D:4      | Noticed a lemure
  1719 | D:4      | Noticed a lemure
  1720 | D:4      | Noticed Pikel
  1733 | D:3      | Killed a lemure
  1760 | D:3      | Killed Pikel
  1761 | D:3      | Reached XP level 5. HP: 54/54 MP: 4/4
  1761 | D:3      | Reached XP level 6. HP: 62/62 MP: 5/5
  1761 | D:3      | Reached XP level 7. HP: 70/70 MP: 6/6
  1829 | D:4      | Found Affityo's Overcharged Wands.
  1843 | D:4      | Found a snail-covered altar of Cheibriados.
  1847 | D:4      | Noticed Menkaure
  1855 | D:4      | Killed Menkaure
  1856 | D:4      | Reached skill level 5 in Unarmed Combat
  1912 | D:4      | Found Hijain's General Store.
  1921 | D:4      | Bought 4 large rocks for 36 gold pieces
  1921 | D:4      | Bought a potion of might for 52 gold pieces
  1979 | D:4      | Found a large runed translucent door.
  1982 | D:4      | Found a large runed translucent door.
  2030 | D:4      | Identified the amulet of Kirom {Spirit +Blink rN++ Str-5
                  | Int-3}
  2037 | D:4      | Lost intelligence.
  2101 | D:4      | Noticed Grinder
  2110 | D:4      | Paralysed by Grinder for 2 turns
  2120 | D:4      | Killed Grinder
  2377 | D:4      | Found a hide-covered altar of Uskayaw.
  2392 | D:4      | Found a blossoming altar of Fedhas.
  2573 | D:4      | Identified a scroll of acquirement
  2573 | D:4      | Acquired 1213 gold pieces
  2578 | D:5      | Entered Level 5 of the Dungeon
  2595 | D:5      | Reached XP level 8. HP: 52/79 MP: 7/7
  3074 | D:5      | Reached *** piety under Trog
  3075 | D:5      | Reached skill level 5 in Dodging
  3167 | D:5      | Found an iron altar of Okawaru.
  3176 | D:5      | Found a stormy altar of Qazlal.
  3211 | D:6      | Reached skill level 5 in Fighting
  3331 | D:6      | Found Vaeluofo's Weapon Shoppe.
  3341 | D:6      | Bought the +10 flail of the Fray {holy, *Noise rF+ Will+
                  | Int+4} for 888 gold pieces
  3386 | D:6      | Reached skill level 1 in Maces & Flails
  3420 | D:6      | Found a basalt altar of Yredelemnul.
  3444 | D:6      | Reached skill level 5 in Throwing
  3444 | D:6      | Reached XP level 9. HP: 69/88 MP: 8/8
  3448 | D:6      | Reached skill level 2 in Maces & Flails
  3600 | D:6      | Found an opulent altar of Gozag.
  3642 | D:6      | Found Gozag's Platinum Reserve.
  3829 | D:6      | Noticed Duvessa
  3830 | D:6      | Found a bloodstained altar of Trog.
  3838 | D:6      | Killed Duvessa
  3839 | D:6      | Reached skill level 3 in Maces & Flails
  3841 | D:6      | Noticed Dowan
  3848 | D:6      | Found a shimmering blue altar of Sif Muna.
  3852 | D:6      | Killed Dowan
  3901 | D:7      | Found a staircase to the Ecumenical Temple.
  3934 | D:7      | Reached skill level 4 in Maces & Flails
  4075 | D:7      | Reached skill level 5 in Maces & Flails
  4085 | D:7      | Found a shadowy altar of Dithmenos.
  4095 | D:7      | Reached **** piety under Trog
  4179 | D:7      | Found Ylusiulo's CLEARANCE SALE!.
  4306 | D:7      | Reached skill level 6 in Maces & Flails
  4683 | D:7      | Found a hide-covered altar of Uskayaw.
  4727 | D:7      | Found a broken altar of Ashenzari.
  4727 | D:7      | Found a shimmering altar of Xom.
  4729 | D:7      | Found a hazy altar of Hepliaklqana.
  4729 | D:7      | Found a hide-covered altar of Uskayaw.
  4729 | D:7      | Found a shimmering altar of Xom.
  4981 | D:8      | Reached skill level 7 in Maces & Flails
  5011 | D:8      | Noticed a kobold demonologist
  5017 | D:8      | Killed a kobold demonologist
  5018 | D:8      | Reached XP level 10. HP: 94/97 MP: 9/9
  5056 | D:8      | Found a sacrificial altar of Ru.
  5281 | D:8      | Reached skill level 8 in Maces & Flails
  5836 | D:9      | Reached skill level 9 in Maces & Flails
  6203 | D:9      | Reached skill level 10 in Maces & Flails
  6387 | D:9      | Found a staircase to the Lair.
  6942 | D:9      | Reached skill level 11 in Maces & Flails
  7227 | D:9      | Found a hazy altar of Hepliaklqana.
  7334 | Lair:1   | Entered Level 1 of the Lair of Beasts
  7343 | Lair:1   | Reached XP level 11. HP: 100/104 MP: 10/10
  7366 | Lair:1   | Noticed Harold
  7377 | Lair:1   | Killed Harold
  7462 | Lair:1   | You fall into a shaft and drop 1 floor!
  7462 | Lair:2   | Noticed Amaemon
  7470 | Lair:2   | Killed Amaemon
  7475 | Lair:2   | Reached skill level 12 in Maces & Flails
  7610 | Lair:2   | Noticed a wolf spider
  7647 | Lair:2   | Noticed a wolf spider
  7652 | Lair:2   | HP: 1/156 [wolf spider (7)]
  7652 | Lair:2   | Mangled by a wolf spider

Illustrated notes

Levels and vault maps discovered:
D:1:      matt_arrival_spirals, layout_basic,
          dreamdust_ecumenical_altar_statues, glass_columns_c,
          hangedman_decor_clover_reticule, minmay_shallow_snake_nest
D:2:      wander_river, layout_basic
D:3:      layout_basic, nemelex_spade_bored_becter, minmay_misc_feat_cross
D:4:      layout_cave_pools, kennysheep_slug_shrine, jmf_multi_god_temple2,
          serial_shops, nicolae_shop_stone, nicolae_shop_overcharged_wands,
          uniq_pikel, uniq_menkaure, uniq_grinder
D:5:      layout_basic, mainiacjoe_overflow_swirl, minmay_misc_feat_more_columns
D:6:      layout_rooms, nzn_overflow_gifts_of_might_and_magic,
          nicolae_yredelemnul_corpse_copse, nicolae_gozag_zags_fifth_avenue,
          serial_shops, nicolae_stop_n_shop_1
D:7:      layout_cave_pods, mainiacjoe_overflow_24_doors, doesnt_xom_only_xom,
          minmay_temple_entry_statues_fountains, nicolae_shop_clearance
D:8:      layout_loops_ring, lemuel_crystal_altar, kennysheep_generic_room_11
D:9:      minmay_angry_zag, layout_basic, lemuel_coloured_pillars_altar
Lair:1:   layout_layer_cave, infiniplex_staircase_pool, uniq_harold
Lair:2:   minmay_lair_venomous_thicket, layout_regular_city,
          minmay_swamp_entry_reptiles, lemuel_old_faithful,
          serial_bayou_shore_b, uniq_amaemon

Skill      XL: |  1  2  3  4  5  6  7  8  9 10 11 |
---------------+----------------------------------+-----
Dodging        | 3 4 5 |  5.6
Fighting       | 4 5 |  5.6
Throwing       | 2 3 5 |  5.1
Unarmed Combat | 4 5 6 |  6.3
Maces & Flails | 1 7 11 12 | 12.4

Action                   |  1- 3 |  4- 6 |  7- 9 | 10-12 || total
-------------------------+-------+-------+-------+-------++-------
Melee: Unarmed           |    82 |    50 |   316 |       ||   448
       Punch             |     2 |     2 |     6 |     1 ||    11
       Flail             |       |       |    10 |   222 ||   232
Throw: Boomerang         |       |       |       |     4 ||     4
Invok: Trog's Hand       |       |     1 |     3 |     6 ||    10
       Berserk           |       |     1 |     2 |     5 ||     8
Evoke: Wand              |       |       |       |     1 ||     1
  Use: Scroll            |     7 |     2 |     6 |     2 ||    17
       Potion            |       |       |     4 |     1 ||     5
 Stab: Sleeping          |     1 |       |     9 |       ||    10
Armor: Animal skin       |    29 |    13 |    50 |       ||    92
       Acid dragon scale |       |       |    75 |    86 ||   161
       Robe              |       |       |     8 |       ||     8
Dodge: Dodged            |    36 |    27 |   176 |   150 ||   389
